 Dungeon Crawl Stone Soup version 0.31.0-7-gf635a9b802 (webtiles) character file.

Game seed: 15098885907342326051

10 Arcadio the Ducker (level 2, -1/24 HPs)
             Began as a Human Monk on Jan 23, 2024.
             Slain by an endoplasm (2 damage)
             ... on level 1 of the Dungeon.
             The game lasted 00:00:20 (152 turns).

Arcadio the Ducker (Human Monk)                      Turns: 152, Time: 00:00:21

Health: -1/24      AC:  2    Str: 11    XL:     2   Next: 20%
Magic:  2/2        EV: 13    Int: 10    God:
Gold:   0          SH:  0    Dex: 15    Spells: 1/1 levels left

rFire   . . .        a - +0 mace
rCold   . . .        d - orb {light}
rNeg    . . .        b - +0 robe
rPois   .            (no helmet)
rElec   .            (no cloak)
rCorr   .            (no gloves)
SInv    .            (no boots)
Will    .....        (no amulet)
Stlth   +            (no ring)
HPRegen 0.24/turn    (no ring)
MPRegen 0.08/turn

%: no passive effects
@: glowing
A: explore regen
a: no special abilities


You were on level 1 of the Dungeon.
You visited 1 branch of the dungeon, and saw 1 of its levels.

Inventory:

Hand Weapons
 a - a +0 mace (weapon)
Armour
 b - a +0 robe (worn)
 d - an orb of light (worn)
Scrolls
 f - a scroll of teleportation {unknown}
Potions
 c - a potion of ambrosia
 e - a potion of berserk rage {unknown}


   Skills:
 + Level 3.2 Fighting
 + Level 3.2 Maces & Flails
 + Level 3.2 Dodging


You had one spell level left.
You didn't know any spells.
Your spell library was empty.

Dungeon Overview and Level Annotations

Branches:
Dungeon (1/15)

Altars:


Innate Abilities, Weirdness & Mutations

You regain HP and MP as you explore.


Message History

The bat is severely wounded.
The bat closely misses you. The bat hits you but does no damage.
The bat barely misses you. The bat misses you.
The bat hits you but does no damage.
You hit the bat but do no damage.
The bat is severely wounded.
The bat closely misses you. The bat barely misses you.
You hit the bat.
You kill the bat!
A goblin and a hobgoblin come into view.
The goblin shouts!
The hobgoblin shouts!
You hear an angry hiss.
A ball python comes into view.
An endoplasm comes into view. x2
The goblin hits you but does no damage.
The endoplasm quivers.
You hit the goblin.
You kill the goblin!
You hit the hobgoblin but do no damage. The ball python barely misses you.
The ball python grabs you. The ball python constricts you.
The hobgoblin hits you.
The ball python bites you but does no damage.
The ball python constricts you.
You barely miss the hobgoblin. The ball python bites you.
The ball python constricts you. The hobgoblin hits you.
You barely miss the ball python. The ball python bites you.
The ball python constricts you. The hobgoblin hits you.
The ball python barely misses you. The ball python constricts you.
The hobgoblin hits you.
* * * LOW HITPOINT WARNING * * *
The endoplasm freezes you.
You are frozen.
* * * LOW HITPOINT WARNING * * *
You escape the ball python's grasp.
The hobgoblin attacks as it pursues you!
The hobgoblin misses you.
The endoplasm attacks as it pursues you!
The endoplasm hits you.
You die...

.. .#. ..### ....#
...#### ###.#...#
#...J...#
#..@g.###
#####..#....#
######
#..##.##.SJ.#
.....# #
#.....####.....#
####.###.#..####
.....# #.##..#..#
#.### # #.##..#..#
... b#
#.##..#..######
..#
P###..##.#........
..


You could see 2 endoplasms, a hobgoblin and a ball python.

Vanquished Creatures
  2 ball pythons (D:1)
  2 bats (D:1)
  A goblin (D:1)
  3 kobolds (D:1)
  2 rats (D:1)
10 creatures vanquished.

Notes
Turn   | Place    | Note
-------+----------+-------------------------------------------
     0 | D:1      | Arcadio the Human Monk began the quest for the Orb.
     0 | D:1      | Reached XP level 1. HP: 18/18 MP: 1/1
    74 | D:1      | Reached XP level 2. HP: 23/24 MP: 2/2
   151 | D:1      | HP: 1/24 [frozen (3)]
   152 | D:1      | Slain by an endoplasm

Illustrated notes

Levels and vault maps discovered:
D:1:      nagdon_arrival_zigzag_paths, layout_rooms, serial_aquarium,
          aquarium_bridge_island_small [aquarium_subvault_small_water,
          aquarium_subvault_balcony, aquarium_subvault_bridge,
          aquarium_subvault_bridge, aquarium_subvault_bridge],
          aquarium_window_1, aquarium_window_1, aquarium_window_1,
          aquarium_view_2d, hangedman_decor_push, minmay_split_cup_large

Action                     || total
---------------------------++-------
  Melee: Mace              ||    17
 Armour: Robe              ||    13
  Dodge: Dodged            ||    19
